 Dungeon Crawl Stone Soup version 0.29-a0-356-g7bc237e783 (webtiles) character file.

Game seed: 15644453200614311254

595 quokkamancerX the Archer (level 7, -4/54 (56) HPs)
             Began as a Minotaur Hunter on Apr 25, 2022.
             Was an Initiate of Hepliaklqana.
             Slain by a wight
             ... wielding a +4 long sword
              (16 damage)
             ... on level 4 of the Dungeon on Apr 26, 2022.
             The game lasted 00:21:34 (4963 turns).

quokkamancerX the Archer (Minotaur Hunter)          Turns: 4963, Time: 00:21:34

HP:   -4/54 (56)    AC:  4    Str: 16    XL:     7   Next: 17%
MP:   6/6           EV: 12    Int:  6    God:    Hepliaklqana [......]
Gold: 125           SH:  5    Dex: 15    Spells: 6/6 levels left

rFire   . . .      SeeInvis .   a - +1 shortbow
rCold   . . .      Faith    .   (shield currently unavailable)
rNeg    . . .      Spirit   .   b - +0 leather armour
rPois   .          Reflect  +   (helmet restricted)
rElec   .          Harm     .   (no cloak)
rCorr   .          Rampage  .   o - +0 pair of gloves
Will    .....                   (no boots)
Stlth   +.........              v - amulet of reflection
HPRegen 0.18/turn               (no ring)
MPRegen 0.10/turn               (no ring)

@: lightly drained
A: horns 2, retaliatory headbutt
a: Renounce Religion


You were on level 4 of the Dungeon.
You worshipped Hepliaklqana.
Hepliaklqana was noncommittal.
You visited 2 branches of the dungeon, and saw 5 of its levels.

You collected 207 gold pieces.
You spent 82 gold pieces at shops.

Inventory:

Hand Weapons
 a - a +1 shortbow (weapon)
Armour
 b - a +0 leather armour (worn)
 o - a +0 pair of gloves (worn)
Jewellery
 v - an amulet of reflection (around neck)
Scrolls
 c - 2 scrolls of immolation
 d - 6 scrolls of identify {unknown}
 g - a scroll of vulnerability {unknown}
 h - 2 scrolls of enchant armour {unknown}
 i - 2 scrolls of magic mapping
 k - a scroll of silence {unknown}
 l - a scroll of enchant weapon {unknown}
 m - 2 scrolls of holy word {unknown}
 n - 2 scrolls of teleportation
 r - a scroll of blinking {unknown}
 u - a scroll of brand weapon {unknown}
Potions
 e - a potion of degeneration {unknown}
 f - 2 potions of heal wounds {unknown}
 j - a potion of mutation {unknown}
 p - a potion of might {unknown}
 s - a potion of attraction {unknown}
 t - a potion of cancellation {unknown}


   Skills:
 - Level 2.4 Fighting
 + Level 9.6 Bows
 - Level 2.1 Dodging
 - Level 0.7 Stealth


You had 6 spell levels left.
You didn't know any spells.
Your spell library contained the following spells:

 Spells                   Type           Power      Damage    Failure   Level
 Gell's Gravitas          Tloc           0%         N/A       88%         3
 Lesser Beckoning         Tloc           0%         N/A       88%         3
 Teleport Other           Tloc           0%         N/A       88%         3


Dungeon Overview and Level Annotations

Branches:
Dungeon (4/15)             Temple (1/1) D:4

Altars:
Dithmenos
Elyvilon
Gozag
Hepliaklqana
Nemelex Xobeh
Trog
Uskayaw
Vehumet
Xom
Yredelemnul

Shops:
D:1 ?!(:=   D:3 [


Innate Abilities, Weirdness & Mutations

You have a pair of horns on your head.
You reflexively headbutt those who attack you in melee.


Message History

The wight closely misses you. You furiously retaliate!
You headbutt the wight. The wight hits you with a +0 battleaxe!
You are too injured to fight recklessly!
You are too injured to fight recklessly!
You are too injured to fight recklessly!
The wight attacks as you move away! You block the wight's attack.
You are too injured to fight recklessly!
You are too injured to fight recklessly!
You are too injured to fight recklessly!
The wight attacks as you move away! The wight barely misses you.
The wight attacks as you move away! The wight misses you.
You furiously retaliate!
You headbutt the wight. You block the wight's attack.
You are too injured to fight recklessly!
You are too injured to fight recklessly!
You are too injured to fight recklessly!
You are too injured to fight recklessly!
You are too injured to fight recklessly!
You are too injured to fight recklessly!
Shoot: a) +1 shortbow
Press: ? - help, Shift-Dir - straight line, f/p - wight
Aim: a wight, wielding a +0 battleaxe and wearing a +0 robe (almost destroyed, 65% to hit)
You shoot an arrow. The arrow hits the wight.
You destroy the wight!
Your life force feels restored.
Unknown command.
Shoot: a) +1 shortbow
Press: ? - help, Shift-Dir - straight line, f - wight
Aim: a wight, wielding a +4 long sword and wearing a +0 robe (65% to hit)
You shoot an arrow. The arrow closely misses the wight.
The wight hits you with a +4 long sword!
* * * LOW HITPOINT WARNING * * *
You feel drained.
* * * LOW HITPOINT WARNING * * *
Shoot: a) +1 shortbow
Press: ? - help, Shift-Dir - straight line, f/p - wight
Aim: a wight, wielding a +4 long sword and wearing a +0 robe (65% to hit)
You shoot an arrow. The arrow barely misses the wight.
The wight hits you with a +4 long sword!
You die...

...######..........####......####
....................###...... #
....###.###########..#....... ###
........### ##.....######..
...#....##.## ........###...
#####.#.##... .##......).#.
###.#.#.... ....##..#....
#...#......######.#.###†.......
##.#.....#..#.z@...#.##..##...#.
##..#.#####[...######<##.###...#.
#..##.######.......##.().# #.#.#.
#.....#.......#.......#### #.#.#.
..............#.###....## #.#.#.
..............#.##......# #.#.#.
...............[....###.# ..#...
............#..8..#..##.#.......#
...........##..)).##..#.....###.#


You could see a wight.

Vanquished Creatures
  2 centaurs (D:4)
  3 wights (D:4)
  2 hounds (D:3)
  A jelly (D:4)
  An orc wizard (D:4)
  A gnoll (D:1)
  8 adders
  A worm (D:3)
  4 dart slugs
  8 orcs
  6 endoplasms
  4 giant cockroaches
  6 hobgoblins
  3 jackals (D:3)
  2 quokkas
  4 ball pythons
  4 bats
  4 goblins
  6 kobolds
  8 rats
78 creatures vanquished.

Vanquished Creatures (others)
  A plant (D:1)
1 creature vanquished.

Grand Total: 79 creatures vanquished

Notes
Turn   | Place    | Note
-------+----------+-------------------------------------------
     0 | D:1      | quokkamancerX the Minotaur Hunter began the quest for the
                  | Orb.
     0 | D:1      | Reached XP level 1. HP: 18/18 MP: 0/0
   157 | D:1      | Found Ydaemmud's Jewellery Emporium.
   168 | D:1      | Found Xiogum's Book Emporium.
   171 | D:1      | Found Womoffen's Antique Weapon Emporium.
   235 | D:1      | Reached skill level 5 in Bows
   235 | D:1      | Reached XP level 2. HP: 8/25 MP: 1/1
   464 | D:1      | Found Boups's Distillery.
   723 | D:1      | Found Boace's Magic Scroll Shoppe.
   849 | D:1      | Found a faded altar of an unknown god.
   878 | D:1      | Reached XP level 3. HP: 30/30 MP: 2/2
  1113 | D:1      | Bought a scroll of magic mapping for 38 gold pieces
  1191 | D:2      | Found an opulent altar of Gozag.
  1504 | D:2      | Reached skill level 6 in Bows
  1946 | D:2      | Identified the +1 dagger "Janoprup" {vorpal, rF- Dex+4
                  | Stlth+}
  2113 | D:1      | Bought a scroll of noise for 11 gold pieces
  2113 | D:1      | Bought a scroll of teleportation for 33 gold pieces
  2209 | D:3      | Reached XP level 4. HP: 37/37 MP: 3/3
  2490 | D:3      | Reached skill level 7 in Bows
  2490 | D:3      | Reached XP level 5. HP: 23/42 MP: 4/4
  3093 | D:3      | Found Oklir's Armour Boutique.
  3309 | D:4      | Reached skill level 8 in Bows
  3309 | D:4      | Reached XP level 6. HP: 39/50 MP: 5/5
  3485 | D:4      | Found a staircase to the Ecumenical Temple.
  3493 | Temple   | Entered the Ecumenical Temple
  3717 | Temple   | Became a worshipper of Hepliaklqana the Forgotten
  4295 | D:4      | Reached skill level 9 in Bows
  4844 | D:4      | Reached XP level 7. HP: 31/56 MP: 6/6
  4963 | D:4      | Slain by a wight

Illustrated notes

Levels and vault maps discovered:
D:1:      dpeg_arrival_chambers_temple_mockup, layout_basic,
          shapermc_ecumenical_altar_totnotflames, serial_shops,
          nicolae_shop_behind_doors, nicolae_shop_trees, nicolae_shop_stone,
          shop, nicolae_shop_behind_doors, nicolae_grassy_gnolls
D:2:      layout_loops_ring, basic_altar, kennysheep_generic_room_13
D:3:      layout_loops_ring, serial_shops, shop
D:4:      layout_rooms, minmay_temple_entry_waves, minmay_manual_mares
Temple:   jpeg_temple_alley_garden

Skill      XL: |  1  2  3  4  5  6 |
---------------+-------------------+-----
Bows           | 5 6 7 8 9 |  9.6
Fighting       | |  2.4
Dodging        | |  2.1
Stealth        | |  0.7

Action                   |  1- 3 |  4- 6 |  7- 9 || total
-------------------------+-------+-------+-------++-------
 Fire: Shortbow          |    67 |   132 |    11 ||   210
  Use: Scroll            |       |     2 |       ||     2
Armor: Leather armour    |     2 |    18 |       ||    20
Dodge: Dodged            |    14 |    44 |     5 ||    63
Block: Other             |       |     2 |     2 ||     4
       Reflection        |       |     2 |       ||     2

Table legend: (Time is in decaauts)
 A = Elapsed time spent in this place.
 B = Non-inter-level travel time spent in this place.
 C = Inter-level travel time spent in this place.
 D = Time resting spent in this place.
 E = Time spent auto-exploring this place.
 F = Levels seen in this place.
 G = Mean time per level.
                   A        B        C        D        E       F      G
               +--------+--------+--------+--------+--------+-----+--------+
         Total |   5003 |   4675 |    328 |   1652 |   1060 |   5 | 1000.6 |
       Dungeon |   4530 |   4283 |    247 |   1439 |    891 |   4 | 1132.5 |
        Temple |    473 |    392 |     81 |    213 |    169 |   1 |  473.0 |
               +--------+--------+--------+--------+--------+-----+--------+

Top non-repeatable levels by time:
     D:1: 1269 daAuts
     D:4: 1231 daAuts
     D:3: 1092 daAuts
     D:2: 937 daAuts
  Temple: 473 daAuts
